AoeStats
← ComplexKills

QS Arena

503282915Analyzed
1v1 RM · 1mo ago on Aug 31, 2026· 49m 2s· 2 players
Game mode
Random Map
Map size
Tiny (2 player)
Population
200
Speed
Normal
Resources
Standard
Victory
Conquest
Starting age
Dark Age
Ending age
Imperial Age
RankedLock teamsTeams togetherTeam positionsShared explorationLock speedFull tech treeHidden civsTurbo modeCheats
Victory
Defeat
🇺🇸 Lithuanians · United States
803
+15
🇦🇷 Mongols · Argentina
778
-15
carpinchopro698
3:09 Loom
6:33 Feudal Age
7:00 Double-Bit Axe
10:24 Horse Collar
17:05 Castle Age
16:01 Gold Mining
19:02 Bow Saw
21:04 Wheelbarrow
23:16 Gold Shaft Mining
22:53 Stone Mining
23:17 Fletching
23:44 Padded Archer Armor
24:46 Heavy Plow
25:31 Stone Shaft Mining
25:44 Bodkin Arrow
26:11 Hand Cart
27:19 Leather Archer Armor
30:00 Husbandry
30:10 Bloodlines
30:28 Light Cavalry
32:05 Ballistics
31:41 Murder Holes
31:57 Masonry
35:33 Imperial Age
32:55 Town Watch
33:52 Town Patrol
34:14 Scale Barding Armor
34:19 Forging
36:06 Chain Barding Armor
35:58 Forging
36:23 Siege Engineers
36:45 Conscription
37:11 Bracer
37:22 Forging
37:25 Elite Mangudai
39:16 Chemistry
38:58 Parthian Tactics
39:18 Hoardings
39:04 Drill
39:47 Iron Casting
39:39 Heavy Camel Rider
41:35 Blast Furnace
40:38 Heavy Scorpion
ComplexKills
0:37 Loom
9:03 Feudal Age
14:04 Castle Age
12:55 Horse Collar
27:02 Gold Mining
27:04 Stone Mining
32:18 Imperial Age
31:25 Forging
31:07 Fletching
31:25 Scale Barding Armor
30:45 Elite Skirmisher
31:41 Bloodlines
32:39 Husbandry
33:43 Cavalier
35:51 Bodkin Arrow
35:58 Padded Archer Armor
36:22 Chain Barding Armor
41:39 Double-Bit Axe
42:36 Wheelbarrow
43:09 Paladin
47:36 Thumb Ring
47:59 Ballistics
Connection lost

Rejoining the realm…

Still unreachable

The connection could not be restored.

Session expired

The server has moved on; the page needs a fresh start.